 Dungeon Crawl Stone Soup version 0.20.1-1-g8b1a95d (webtiles) character file.

305 letownia2 the Grave Robber (level 6, 0/56 HPs)
             Began as a Deep Dwarf Necromancer on Nov 28, 2017.
             Slain by a bog mummy (7 damage)
             ... in an ossuary.
             The game lasted 00:07:22 (1550 turns).

letownia2 the Grave Robber (Deep Dwarf Necromancer) Turns: 1550, Time: 00:07:23

Health: 0/56       AC:  5    Str: 12    XL:     6   Next: 15%
Magic:  5/9        EV: 11    Int: 17    God:
Gold:   89         SH:  0    Dex: 13    Spells: 5/9 levels left

rFire    . . .     SeeInvis .   j - +0 falchion
rCold    . . .     Gourm    .   (no shield)
rNeg     . . .     Faith    .   i - +0 ring mail
rPois    .         Spirit   .   (no helmet)
rElec    .         Reflect  .   (no cloak)
rCorr    .         Harm     .   (no gloves)
MR       .....                  (no boots)
Stlth    +.........             (no amulet)
Regen    0.0/turn               (no ring)
MPRegen  0.2/turn               (no ring)

@: non-regenerating
A: damage resistance, heal wounds, sense surroundings 1, no regeneration
a: Heal Wounds


You were in an ossuary.
You were not hungry.

You visited 1 branch of the dungeon, and saw 4 of its levels.
You also visited: Ossuary.

You collected 89 gold pieces.

Inventory:

Hand Weapons
 j - a +0 falchion (weapon)
 p - a +0 dagger
Missiles
 r - 5 javelins (quivered)
Armour
 a - a +0 robe
 i - a +0 ring mail (worn)
 m - a +0 scale mail
 q - a +0 ring mail
Wands
 n - a wand of lightning (0/15)
Scrolls
 h - a scroll of identify
Potions
 e - a potion of cancellation {unknown}
 g - 2 potions of curing {unknown}
 k - a potion of degeneration {unknown}
 l - a potion of brilliance {unknown}
Books
 b - a book of Necromancy

   Spells                             Type                      Level
   a - Pain                           Necromancy                   1
   b - Animate Skeleton               Necromancy                   1
   c - Vampiric Draining              Necromancy                   3
   d - Regeneration                   Charms/Necromancy            3
   e - Animate Dead                   Necromancy                   4
   f - Control Undead                 Necromancy                   4
Comestibles
 c - a bread ration
 f - a meat ration
 o - a chunk of flesh


   Skills:
 + Level 3.1 Fighting
 - Level 2.1 Dodging
 - Level 2.4 Stealth
 - Level 2.0 Spellcasting
 - Level 6.9 Necromancy


You had 5 spell levels left.
You knew the following spells:

 Your Spells              Type           Power        Failure   Level  Hunger
a - Pain                  Necr           ####         2%          1    #......
v - Vampiric Draining     Necr           ####......   8%          3    ###....


Dungeon Overview and Level Annotations

Branches:
Dungeon (4/15)
 Temple: D:4-7

Altars:
Makhleb
Vehumet

Annotations:
D:3 Grinder


Innate Abilities, Weirdness & Mutations

You are resistant to damage.
You can heal yourself by infusing magical energy.
You passively map a small area around you.
You do not regenerate.


Message History

You feel blessed for a moment.
It was a scroll of remove curse.
The mummy closely misses you.
You hit the mummy but do no damage.
The mummy is almost destroyed.
The mummy hits you!
* * * LOW HITPOINT WARNING * * *
A mummy comes into view.
Unknown command.
Unknown command.
You hit the mummy but do no damage.
The mummy is almost destroyed.
The bog mummy hits you!
* * * LOW HITPOINT WARNING * * *
Unknown command.
Unknown command.
Unknown command.
You hit the mummy.
You destroy the mummy!
The bog mummy hits you!
You die...

, ,* * ' ,+ ,,
# , * * * #.,≈
, , ≈≈#≈≈
#####
*#≈.≈M#..∩#,*,
, * ≈ #(M(∩@#
,
*≈≈≈.≈≈#.M.#≈*
,, #≈#≈≈ #####
#P≈≈≈ # ≈,*' *
, * **≈* ** *
≈


You could see 2 mummies and a bog mummy.

Vanquished Creatures
  A bullfrog zombie (D:3)
  8 mummies (Ossuary)
  Terence (D:2)
  2 worker ants
  2 adders (D:4)
  An ooze (D:1)
  2 ball pythons
  2 giant cockroaches
  A goblin (D:4)
  3 hobgoblins
  A ball python zombie (Ossuary)
  3 bats
  3 frilled lizards
  2 kobolds
  4 rats (D:2)
36 creatures vanquished.

Notes
Turn   | Place    | Note
-------+----------+-------------------------------------------
     0 | D:1      | letownia2 the Deep Dwarf Necromancer began the quest for the Orb.
     0 | D:1      | Reached XP level 1. HP: 15/15 MP: 3/3
   240 | D:2      | Reached XP level 2. HP: 22/22 MP: 3/5
   577 | D:2      | Found a radiant altar of Vehumet.
   581 | D:2      | Found a burning altar of Makhleb.
   650 | D:3      | Noticed Terence
   738 | D:2      | Killed Terence
   738 | D:2      | Reached skill level 5 in Necromancy
   738 | D:2      | Reached XP level 3. HP: 15/28 MP: 0/6
   852 | D:2      | Learned a level 3 spell: Vampiric Draining
   861 | D:3      | HP: 1/28 [bullfrog zombie (3)]
   862 | D:3      | Reached skill level 6 in Necromancy
   862 | D:3      | Reached XP level 4. HP: 1/36 MP: 7/7
   964 | D:3      | Noticed Grinder
  1198 | D:4      | Noticed an ogre
  1363 | D:4      | Noticed an ogre
  1431 | D:3      | Reached XP level 5. HP: 15/42 MP: 0/8
  1511 | D:4      | Found a sand-covered staircase.
  1520 | Ossuary  | Entered an ossuary
  1529 | Ossuary  | Reached skill level 1 in Fighting
  1545 | Ossuary  | Reached XP level 6. HP: 20/55 MP: 5/9
  1550 | Ossuary  | Slain by a bog mummy

Skill      XL: |  1  2  3  4  5  6 |
---------------+-------------------+-----
Spellcasting   | 2 |  2.0
Necromancy     | 5 6 |  6.9
Fighting       | 2 3 |  3.1
Dodging        | |  2.1
Stealth        | |  2.4

Action                   |  1- 3 |  4- 6 || total
-------------------------+-------+-------++-------
Melee: Falchion          |     9 |    10 ||    19
Throw: Javelin           |       |     3 ||     3
 Cast: Pain              |    34 |     7 ||    41
       Vampiric Draining |       |    12 ||    12
Evoke: Wand              |       |     8 ||     8
  Use: Scroll            |       |     2 ||     2
  Eat: Chunk             |       |     4 ||     4
Armor: Ring mail         |     5 |    15 ||    20
Dodge: Dodged            |    13 |    23 ||    36
       Rpst.: Falchion   |     1 |     7 ||     8
